 Dungeon Crawl Stone Soup version 0.32-a0-876-gcfddb08e57 (webtiles) character file.

Game seed: 1149703339164452709

23 Iich the Trooper (level 2, 24/24 HPs)
             Began as a Demonspawn Fighter on Mar 7, 2024.
             Got out of the dungeon alive.
             The game lasted 00:01:03 (566 turns).

Iich the Trooper (Demonspawn Fighter)                Turns: 566, Time: 00:01:04

Health: 24/24      AC:  8    Str: 16    XL:     2   Next: 72%
Magic:  2/2        EV:  8    Int:  8    God:
Gold:   93         SH:  4    Dex: 12    Spells: 1/1 levels left

rFire   . . .        a - +0 war axe
rCold   . . .        c - +0 buckler
rNeg    . . .        b - +0 scale mail
rPois   .            (no helmet)
rElec   .            (no cloak)
rCorr   .            (no gloves)
SInv    .            (no boots)
Will    .....        (no amulet) Stlth
                     (no ring)
HPRegen 0.24/turn    (no ring)
MPRegen 0.08/turn

%: no passive effects
@: no status effects
A: molten scales 1
a: no special abilities


You escaped.
You visited 1 branch of the dungeon, and saw 1 of its levels.

You collected 93 gold pieces.

Inventory:

Hand Weapons
 a - a +0 war axe (weapon)
Armour
 b - a +0 scale mail (worn)
 c - a +0 buckler (worn)
 f - a +0 kite shield
Scrolls
 e - a scroll of silence {unknown}
 g - a scroll of butterflies {unknown}
 i - a scroll of vulnerability {unknown}
Potions
 d - a potion of might
 h - 2 potions of curing {unknown}


   Skills:
 + Level 3.2 Fighting
 * Level 2.4 Axes
 - Level 2.6 Armour
 + Level 0.9 Dodging
 - Level 2.6 Shields


You had one spell level left.
You didn't know any spells.
Your spell library contained the following spells:

 Spells                   Type           Power      Damage    Failure   Level
 Volatile Blastmotes      Fire/Tloc      0%         2d10      99%         3
 Fulminant Prism          Conj/Alch      0%         3d5       100%        4
 Iskenderun's Mystic Bla Conj/Tloc 0%             2d3        (+2d1     100%        4
 Haunt                    Necr/Summ      0%         N/A       100%        7
 Borgnjor's Revivificati  Necr           0%         N/A       100%        8
 Death's Door             Necr           0%         N/A       100%        9


Dungeon Overview and Level Annotations

Branches:
Dungeon (1/15)

Altars:

Shops:
D:1 ?


Innate Abilities, Weirdness & Mutations

You are partially covered in molten scales. (AC +2)


Message History

You are too injured to fight recklessly!
You are too injured to fight recklessly!
Unknown command.
You slash the hobgoblin!
You kill the hobgoblin!
You hit the ball python.
You kill the ball python!
You see here a hobgoblin corpse.
Unknown command.
Unknown command.
Welcome back, Iich the Demonspawn Fighter.
Press ? for a list of commands and other information.
What level of the Dungeon? (default 1, ? - help)
You see here a hobgoblin corpse.
A rat and an endoplasm come into view.
The rat squeaks loudly.
The endoplasm quivers.
You regained 5 hp, and now have 21/24 hp.
You hit the rat.
You kill the rat!
The endoplasm freezes you.
You are frozen.
You slash the endoplasm!
You kill the endoplasm!
No target in view!
No target in view!
No target in view!
No target in view!
No target in view!
No target in view!
No target in view!
No target in view!
No target in view!
No target in view!
What level of the Dungeon? (default 1, ? - help) HP restored.
There is a dry fountain here.
There is a staircase leading out of the dungeon here.
Health restored: 24 You have escaped!

### #@##
#..##
##...####
#.......##
##........##
#..........#
#.........##
##........##
#........##
###


There were no monsters in sight!

Vanquished Creatures
  A dart slug (D:1)
  A ball python (D:1)
  2 endoplasms (D:1)
  2 goblins (D:1)
  4 hobgoblins (D:1)
  3 kobolds (D:1)
  A quokka (D:1)
  2 frilled lizards (D:1)
  3 rats (D:1)
19 creatures vanquished.

Notes
Turn   | Place    | Note
-------+----------+-------------------------------------------
     0 | D:1      | Iich the Demonspawn Fighter began the quest for the Orb.
     0 | D:1      | Reached XP level 1. HP: 18/18 MP: 1/1
   172 | D:1      | Gained mutation: You are partially covered in molten
                  | scales. (AC +2) [demonic ancestry]
   172 | D:1      | Reached XP level 2. HP: 24/24 MP: 2/2
   380 | D:1      | Found Wydae's Magic Scroll Shop.
   493 | D:1      | Upgraded the game from 0.32-a0-643-ga006e7742e to
                  | 0.32-a0-876-gcfddb08e57
   566 | D:$      | Got out of the dungeon alive.

Illustrated notes

Levels and vault maps discovered:
D:1:      eino_arrival_cavern_a, layout_basic, serial_shops, shop

Skill      XL: |  1 |
---------------+----+-----
Axes           | 2 |  2.4
Fighting       | |  3.2
Armour         | |  2.6
Dodging        | |  0.9
Shields        | |  2.6

Action                     || total
---------------------------++-------
  Melee: War axe           ||    38
 Armour: Scale mail        ||    31
  Dodge: Dodged            ||    14
  Block: Buckler           ||     9

Table legend: (Time is in decaauts)
 A = Elapsed time spent in this place.
 B = Non-inter-level travel time spent in this place.
 C = Inter-level travel time spent in this place.
 D = Time resting spent in this place.
 E = Time spent auto-exploring this place.
 F = Levels seen in this place.
 G = Mean time per level.
                   A        B        C        D        E       F      G
               +--------+--------+--------+--------+--------+-----+--------+
         Total |    582 |    515 |     67 |      0 |    394 |   1 |  582.0 |
       Dungeon |    582 |    515 |     67 |      0 |    394 |   1 |  582.0 |
               +--------+--------+--------+--------+--------+-----+--------+

Top non-repeatable levels by time:
     D:1: 582 daAuts
